[ AOE2 MATCH · #480403033 ]
UnrankedCumans vs Gurjaras
[ REPLAY ANALYSIS · EXTRACTED FROM THE RECORDED GAME ]
Feudal
8:36
Castle
20:06
Imperial
36:59
| APM avg | 54.1 |
| APM peak | 96 |
| eAPM avg | 30.2 |
| Villagers / military | 201 / 280 |
Focus
⚔️ 48.7% · 🌾 51.3%
Steppe Lancer ×152 · Scout Cavalry ×116 · Battering Ram ×9 · Mangonel ×3 · Trade Cart ×2
Feudal
10:06
Castle
13:44
Imperial
34:26
| APM avg | 48.8 |
| APM peak | 115 |
| eAPM avg | 27.6 |
| Villagers / military | 164 / 182 |
Focus
⚔️ 39.7% · 🌾 60.3%
Elephant Archer ×130 · Scout Cavalry ×35 · Trebuchet (Packed) ×7 · Skirmisher ×6 · Mangonel ×4
Feudal
10:57
Castle
14:39
Imperial
32:43
| APM avg | 31.6 |
| APM peak | 65 |
| eAPM avg | 14.7 |
| Villagers / military | 129 / 104 |
Focus
⚔️ 27.7% · 🌾 72.3%
Longbowman ×92 · Trebuchet (Packed) ×8 · Monk ×2 · Mangonel ×2
Feudal
11:06
Castle
15:45
Imperial
41:57
| APM avg | 46.4 |
| APM peak | 103 |
| eAPM avg | 14.3 |
| Villagers / military | 93 / 77 |
Focus
⚔️ 34.3% · 🌾 65.7%
Conquistador ×37 · Scout Cavalry ×22 · Knight ×9 · Battering Ram ×8 · Mangonel ×1
Feudal
11:24
Castle
14:59
Imperial
31:45
| APM avg | 58.4 |
| APM peak | 96 |
| eAPM avg | 27.7 |
| Villagers / military | 168 / 180 |
Focus
⚔️ 53.8% · 🌾 46.2%
Janissary ×111 · Cavalry Archer ×17 · Scout Cavalry ×16 · Bombard Cannon ×16 · Hand Cannoneer ×14 · Petard ×2
Feudal
11:36
Castle
15:11
Imperial
39:37
| APM avg | 29.7 |
| APM peak | 70 |
| eAPM avg | 17.0 |
| Villagers / military | 120 / 341 |
Focus
⚔️ 32.1% · 🌾 67.9%
Knight ×338 · Trebuchet (Packed) ×3
Match map
Initial resources + every placement click. Lines = walls · curves = elevation contours. ◆ gold · ⬟ stone · ● berries · ✦ relic · ◌ wall gap
Your base· ✓ Closed at 20:06 · 0t walls · 2 gate(s)
JoC-Rui's base· ✓ Closed at 13:44 · 0t walls · 2 gate(s)
hightower_208's base· ✓ Closed at 14:39 · 0t walls · 3 gate(s)
Rabee-3's base· ✓ Closed at 15:45 · 0t walls · 3 gate(s)
Calm Calamari's base· ✓ Closed at 14:59 · 2t walls · 2 gate(s)
JoC-HANZO's base· ✓ Closed at 15:11 · 0t walls · 3 gate(s)
Smoothed initial terrain · ◌ = detected wall gap · hover for details
Inputs per minute
— Mjoelnir - - JoC-Rui
Build order — Mjoelnir
First 150 of 711 actions detected
| 0:00 | Create | Villager (Male) |
| 0:00 | Create | Villager (Male) |
| 0:00 | Create | Villager (Male) |
| 0:00 | Create | Villager (Male) |
| 0:00 | Create | Villager (Male) |
| 0:02 | Build | House |
| 0:04 | Build | House |
| 1:35 | Create | Villager (Male) |
| 1:35 | Create | Villager (Male) |
| 1:35 | Create | Villager (Male) |
| 1:35 | Create | Villager (Male) |
| 1:35 | Create | Villager (Male) |
| 1:41 | Create | Villager (Male) |
| 1:41 | Create | Villager (Male) |
| 1:41 | Create | Villager (Male) |
| 1:41 | Create | Villager (Male) |
| 2:02 | Build | Lumber Camp |
| 2:15 | Create | Villager (Male) |
| 2:15 | Create | Villager (Male) |
| 2:15 | Create | Villager (Male) |
| 2:15 | Create | Villager (Male) |
| 2:15 | Create | Villager (Male) |
| 2:21 | Create | Villager (Male) |
| 2:21 | Create | Villager (Male) |
| 2:21 | Create | Villager (Male) |
| 2:21 | Create | Villager (Male) |
| 2:54 | Create | Villager (Male) |
| 2:54 | Create | Villager (Male) |
| 2:54 | Create | Villager (Male) |
| 2:58 | Build | House |
| 3:04 | Build | House |
| 3:11 | Create | Villager (Male) |
| 3:11 | Create | Villager (Male) |
| 3:11 | Create | Villager (Male) |
| 3:11 | Create | Villager (Male) |
| 3:45 | Create | Villager (Male) |
| 3:45 | Create | Villager (Male) |
| 3:45 | Create | Villager (Male) |
| 4:24 | Create | Villager (Male) |
| 4:24 | Create | Villager (Male) |
| 4:28 | Create | Villager (Male) |
| 4:28 | Create | Villager (Male) |
| 4:28 | Create | Villager (Male) |
| 4:28 | Create | Villager (Male) |
| 4:28 | Create | Villager (Male) |
| 4:49 | Create | Villager (Male) |
| 4:49 | Create | Villager (Male) |
| 4:49 | Create | Villager (Male) |
| 5:00 | Create | Villager (Male) |
| 5:10 | Build | Mill |
| 5:13 | Create | Villager (Male) |
| 5:13 | Create | Villager (Male) |
| 5:15 | Create | Villager (Male) |
| 5:15 | Create | Villager (Male) |
| 5:15 | Create | Villager (Male) |
| 5:49 | Create | Villager (Male) |
| 6:26 | Research | Feudal Age |
| 7:28 | Build | House |
| 8:04 | Build | House |
| 8:20 | Create | Villager (Male) |
| 8:36 | Age | Feudal Age |
| 8:39 | Build | Town Center |
| 8:42 | Create | Villager (Male) |
| 8:44 | Research | Double-Bit Axe |
| 8:44 | Research | Horse Collar |
| 8:55 | Create | Villager (Male) |
| 9:21 | Create | Villager (Male) |
| 9:36 | Create | Villager (Male) |
| 9:53 | Create | Villager (Male) |
| 10:10 | Create | Villager (Male) |
| 10:42 | Create | Villager (Male) |
| 10:45 | Build | Farm |
| 10:46 | Build | Farm |
| 10:50 | Build | Farm |
| 10:51 | Build | Farm |
| 10:54 | Build | Farm |
| 10:55 | Create | Villager (Male) |
| 11:07 | Create | Villager (Male) |
| 11:16 | Create | Villager (Male) |
| 11:25 | Build | Farm |
| 11:43 | Create | Villager (Male) |
| 11:46 | Build | Farm |
| 11:49 | Build | Farm |
| 11:54 | Build | Farm |
| 11:59 | Create | Villager (Male) |
| 11:59 | Create | Villager (Male) |
| 12:02 | Build | Farm |
| 12:06 | Build | Farm |
| 12:11 | Create | Villager (Male) |
| 12:23 | Create | Villager (Male) |
| 12:23 | Create | Villager (Male) |
| 12:27 | Build | Farm |
| 12:38 | Build | House |
| 12:48 | Create | Villager (Male) |
| 12:53 | Build | Farm |
| 12:56 | Research | Wheelbarrow |
| 13:08 | Build | Farm |
| 13:14 | Create | Villager (Male) |
| 13:23 | Build | Farm |
| 13:29 | Create | Villager (Male) |
| 13:33 | Build | Farm |
| 13:36 | Create | Villager (Male) |
| 13:46 | Build | Farm |
| 13:52 | Create | Villager (Male) |
| 14:02 | Create | Villager (Male) |
| 14:11 | Research | Loom |
| 14:30 | Create | Villager (Male) |
| 14:35 | Build | Farm |
| 14:41 | Build | House |
| 14:42 | Build | House |
| 14:50 | Build | Farm |
| 14:52 | Build | Farm |
| 15:01 | Build | House |
| 15:02 | Build | House |
| 15:07 | Create | Villager (Male) |
| 15:22 | Create | Villager (Male) |
| 15:31 | Create | Villager (Male) |
| 15:45 | Build | Barracks |
| 15:48 | Create | Villager (Male) |
| 16:07 | Create | Villager (Male) |
| 16:15 | Create | Villager (Male) |
| 16:26 | Build | Market |
| 16:32 | Create | Villager (Male) |
| 16:46 | Create | Villager (Male) |
| 16:52 | Build | Blacksmith |
| 16:58 | Create | Villager (Male) |
| 17:01 | Build | House |
| 17:02 | Build | House |
| 17:09 | Create | Villager (Male) |
| 17:21 | Build | Stable |
| 17:27 | Research | Castle Age |
| 17:29 | Create | Villager (Male) |
| 17:39 | Build | House |
| 17:41 | Build | House |
| 17:42 | Build | House |
| 17:43 | Create | Villager (Male) |
| 17:48 | Build | Stable |
| 18:03 | Build | Mining Camp |
| 18:05 | Create | Villager (Male) |
| 18:07 | Research | Bloodlines |
| 18:27 | Build | Stable |
| 18:28 | Create | Villager (Male) |
| 18:39 | Create | Villager (Male) |
| 18:59 | Build | Siege Workshop |
| 19:04 | Create | Villager (Male) |
| 19:23 | Research | Scale Barding Armor |
| 19:25 | Research | Gold Mining |
| 19:27 | Create | Villager (Male) |
| 19:30 | Build | House |
| 19:31 | Build | House |
Build order — JoC-Rui
First 150 of 505 actions detected
| 0:00 | Create | Villager (Male) |
| 0:01 | Create | Villager (Male) |
| 0:02 | Build | House |
| 0:06 | Create | Villager (Male) |
| 0:22 | Create | Villager (Male) |
| 0:22 | Create | Villager (Male) |
| 0:25 | Build | House |
| 0:48 | Build | Mill |
| 1:38 | Create | Villager (Male) |
| 1:38 | Create | Villager (Male) |
| 1:59 | Create | Villager (Male) |
| 1:59 | Create | Villager (Male) |
| 2:29 | Create | Villager (Male) |
| 2:48 | Create | Villager (Male) |
| 2:48 | Create | Villager (Male) |
| 3:04 | Build | House |
| 3:14 | Create | Villager (Male) |
| 3:14 | Create | Villager (Male) |
| 3:42 | Create | Villager (Male) |
| 3:44 | Create | Villager (Male) |
| 4:12 | Build | Lumber Camp |
| 4:28 | Build | House |
| 4:31 | Create | Villager (Male) |
| 4:44 | Create | Villager (Male) |
| 4:44 | Create | Villager (Male) |
| 4:56 | Create | Villager (Male) |
| 5:13 | Create | Villager (Male) |
| 5:27 | Create | Villager (Male) |
| 5:48 | Create | Villager (Male) |
| 6:02 | Build | House |
| 6:23 | Create | Villager (Male) |
| 7:39 | Build | Mining Camp |
| 7:51 | Create | Villager (Male) |
| 7:54 | Research | Feudal Age |
| 8:41 | Build | Farm |
| 8:43 | Build | Farm |
| 8:58 | Create | Villager (Male) |
| 8:59 | Create | Villager (Male) |
| 10:06 | Age | Feudal Age |
| 10:10 | Build | Market |
| 10:12 | Build | Blacksmith |
| 11:04 | Research | Castle Age |
| 11:23 | Research | Horse Collar |
| 12:58 | Create | Villager (Male) |
| 13:44 | Age | Castle Age |
| 13:47 | Build | Town Center |
| 13:56 | Build | Town Center |
| 14:03 | Research | Double-Bit Axe |
| 14:03 | Create | Villager (Male) |
| 14:18 | Build | House |
| 14:27 | Create | Villager (Male) |
| 14:46 | Research | Bow Saw |
| 14:47 | Create | Villager (Male) |
| 15:08 | Create | Villager (Male) |
| 15:09 | Create | Villager (Male) |
| 15:19 | Create | Villager (Male) |
| 15:20 | Create | Villager (Male) |
| 15:23 | Research | Heavy Plow |
| 15:48 | Build | Farm |
| 15:49 | Build | Farm |
| 15:50 | Create | Villager (Male) |
| 15:51 | Build | Farm |
| 15:59 | Create | Villager (Male) |
| 16:11 | Create | Villager (Male) |
| 16:14 | Build | Farm |
| 16:15 | Build | Farm |
| 16:22 | Build | Farm |
| 16:23 | Create | Villager (Male) |
| 16:35 | Create | Villager (Male) |
| 16:37 | Create | Villager (Male) |
| 16:38 | Create | Villager (Male) |
| 16:45 | Create | Villager (Male) |
| 16:57 | Research | Loom |
| 17:01 | Build | Farm |
| 17:02 | Build | Farm |
| 17:05 | Build | Farm |
| 17:05 | Create | Villager (Male) |
| 17:19 | Build | Farm |
| 17:25 | Build | House |
| 17:26 | Build | House |
| 17:27 | Create | Villager (Male) |
| 17:29 | Create | Villager (Male) |
| 17:39 | Build | Farm |
| 17:41 | Create | Villager (Male) |
| 17:41 | Create | Villager (Male) |
| 17:42 | Create | Villager (Male) |
| 17:50 | Build | Farm |
| 17:53 | Build | Farm |
| 17:54 | Create | Villager (Male) |
| 18:10 | Build | Farm |
| 18:11 | Create | Villager (Male) |
| 18:13 | Build | Farm |
| 18:15 | Build | Farm |
| 18:17 | Create | Villager (Male) |
| 18:26 | Build | House |
| 18:27 | Build | House |
| 18:33 | Create | Villager (Male) |
| 18:36 | Build | Farm |
| 18:48 | Build | Farm |
| 18:49 | Build | Farm |
| 18:51 | Create | Villager (Male) |
| 18:51 | Create | Villager (Male) |
| 18:58 | Research | Town Watch |
| 19:00 | Research | Wheelbarrow |
| 19:04 | Build | Farm |
| 19:06 | Build | Farm |
| 19:07 | Create | Villager (Male) |
| 19:12 | Create | Villager (Male) |
| 19:20 | Build | House |
| 19:21 | Build | House |
| 19:22 | Build | House |
| 19:26 | Build | Farm |
| 19:34 | Build | Lumber Camp |
| 19:42 | Create | Villager (Male) |
| 19:47 | Build | Farm |
| 19:48 | Build | Farm |
| 19:48 | Create | Villager (Male) |
| 19:51 | Create | Villager (Male) |
| 19:54 | Build | Farm |
| 19:55 | Create | Villager (Male) |
| 20:05 | Build | Farm |
| 20:21 | Create | Villager (Male) |
| 20:31 | Build | Town Center |
| 20:32 | Create | Villager (Male) |
| 20:34 | Create | Villager (Male) |
| 20:46 | Build | Farm |
| 20:47 | Create | Villager (Male) |
| 20:53 | Create | Villager (Male) |
| 21:00 | Build | House |
| 21:02 | Build | House |
| 21:02 | Create | Villager (Male) |
| 21:06 | Build | Farm |
| 21:08 | Build | Farm |
| 21:15 | Build | Gate |
| 21:17 | Build | Stone Wall |
| 21:18 | Build | Stone Wall |
| 21:20 | Build | Stone Wall |
| 21:20 | Build | Stone Wall |
| 21:21 | Create | Villager (Male) |
| 21:26 | Research | Hand Cart |
| 21:47 | Build | Town Center |
| 21:48 | Create | Villager (Male) |
| 21:48 | Create | Villager (Male) |
| 21:52 | Create | Villager (Male) |
| 21:54 | Create | Villager (Male) |
| 21:56 | Build | Farm |
| 22:04 | Build | House |
| 22:05 | Build | House |
| 22:06 | Build | House |
| 22:06 | Build | House |
Build order — hightower_208
First 150 of 265 actions detected
| 0:00 | Create | Villager (Male) |
| 0:01 | Create | Villager (Male) |
| 0:01 | Create | Villager (Male) |
| 0:02 | Build | House |
| 0:04 | Build | House |
| 0:11 | Create | Villager (Male) |
| 1:20 | Create | Villager (Male) |
| 2:07 | Create | Villager (Male) |
| 2:10 | Create | Villager (Male) |
| 2:11 | Create | Villager (Male) |
| 2:19 | Build | Lumber Camp |
| 2:31 | Create | Villager (Male) |
| 2:51 | Create | Villager (Male) |
| 3:52 | Build | House |
| 4:04 | Create | Villager (Male) |
| 4:06 | Create | Villager (Male) |
| 4:22 | Create | Villager (Male) |
| 5:06 | Create | Villager (Male) |
| 5:06 | Create | Villager (Male) |
| 5:31 | Build | Mill |
| 5:40 | Build | House |
| 6:03 | Create | Villager (Male) |
| 6:28 | Create | Villager (Male) |
| 6:32 | Build | Farm |
| 6:41 | Build | Farm |
| 6:44 | Create | Villager (Male) |
| 7:12 | Build | Farm |
| 7:14 | Create | Villager (Male) |
| 7:39 | Create | Villager (Male) |
| 8:01 | Build | Mining Camp |
| 8:07 | Create | Villager (Male) |
| 8:18 | Research | Feudal Age |
| 8:36 | Build | House |
| 8:56 | Build | Mining Camp |
| 10:21 | Create | Villager (Male) |
| 10:22 | Create | Villager (Male) |
| 10:57 | Age | Feudal Age |
| 11:01 | Build | Market |
| 11:12 | Build | Blacksmith |
| 11:54 | Build | House |
| 11:59 | Research | Castle Age |
| 12:43 | Research | Horse Collar |
| 12:44 | Research | Horse Collar |
| 12:44 | Research | Double-Bit Axe |
| 12:53 | Build | House |
| 13:13 | Build | Farm |
| 13:48 | Create | Villager (Male) |
| 14:27 | Create | Villager (Male) |
| 14:39 | Age | Castle Age |
| 14:42 | Build | Siege Workshop |
| 14:50 | Build | Castle |
| 14:58 | Research | Fletching |
| 15:06 | Create | Villager (Male) |
| 15:09 | Build | Farm |
| 15:32 | Create | Villager (Male) |
| 15:37 | Research | Gold Mining |
| 16:00 | Create | Villager (Male) |
| 16:01 | Create | Mangonel |
| 16:20 | Create | Villager (Male) |
| 16:23 | Create | Longbowman |
| 16:43 | Create | Longbowman |
| 16:49 | Create | Villager (Male) |
| 16:50 | Create | Longbowman |
| 16:56 | Build | Farm |
| 17:06 | Create | Longbowman |
| 17:15 | Create | Villager (Male) |
| 17:18 | Build | Farm |
| 17:26 | Build | Lumber Camp |
| 17:36 | Create | Longbowman |
| 17:46 | Create | Villager (Male) |
| 17:52 | Build | Farm |
| 17:57 | Create | Longbowman |
| 18:07 | Create | Villager (Male) |
| 18:09 | Create | Villager (Male) |
| 18:10 | Create | Longbowman |
| 18:26 | Create | Longbowman |
| 18:29 | Create | Villager (Male) |
| 18:36 | Build | Farm |
| 18:49 | Create | Longbowman |
| 19:10 | Create | Villager (Male) |
| 19:16 | Build | University |
| 19:18 | Create | Villager (Male) |
| 19:26 | Create | Longbowman |
| 19:38 | Build | Farm |
| 19:42 | Create | Longbowman |
| 19:53 | Create | Villager (Male) |
| 20:05 | Create | Villager (Male) |
| 20:13 | Create | Longbowman |
| 20:29 | Research | Ballistics |
| 20:31 | Research | Bodkin Arrow |
| 20:31 | Create | Villager (Male) |
| 20:34 | Create | Longbowman |
| 20:54 | Build | Town Center |
| 20:59 | Create | Longbowman |
| 21:04 | Create | Villager (Male) |
| 21:20 | Create | Villager (Male) |
| 21:21 | Create | Longbowman |
| 21:22 | Create | Longbowman |
| 21:26 | Build | House |
| 21:46 | Build | House |
| 21:50 | Build | Farm |
| 21:52 | Research | Padded Archer Armor |
| 21:53 | Create | Longbowman |
| 21:53 | Create | Longbowman |
| 21:56 | Build | House |
| 22:26 | Create | Longbowman |
| 22:26 | Create | Longbowman |
| 22:27 | Create | Villager (Male) |
| 22:27 | Create | Villager (Male) |
| 22:32 | Build | House |
| 22:59 | Research | Leather Archer Armor |
| 23:03 | Create | Villager (Male) |
| 23:05 | Create | Villager (Male) |
| 23:06 | Create | Villager (Male) |
| 23:07 | Build | Farm |
| 23:12 | Build | Monastery |
| 23:13 | Build | Farm |
| 23:14 | Build | Farm |
| 23:26 | Create | Villager (Male) |
| 23:26 | Create | Villager (Male) |
| 23:27 | Create | Longbowman |
| 23:27 | Create | Longbowman |
| 24:01 | Create | Villager (Male) |
| 24:04 | Build | Farm |
| 24:05 | Build | Farm |
| 24:09 | Build | Farm |
| 24:12 | Create | Longbowman |
| 24:12 | Create | Longbowman |
| 24:19 | Create | Monk |
| 24:32 | Create | Villager (Male) ×3 |
| 25:00 | Research | Wheelbarrow |
| 25:02 | Create | Longbowman |
| 25:02 | Create | Longbowman |
| 25:23 | Create | Villager (Male) |
| 25:23 | Create | Villager (Male) |
| 25:27 | Build | Town Center |
| 25:28 | Build | Farm |
| 25:28 | Build | Farm |
| 25:29 | Build | Farm |
| 25:29 | Build | Farm |
| 25:29 | Build | Farm |
| 25:29 | Build | Farm |
| 25:30 | Build | Farm |
| 25:30 | Build | Farm |
| 25:41 | Create | Villager (Male) |
| 25:41 | Create | Villager (Male) |
| 25:44 | Create | Longbowman |
| 25:44 | Create | Longbowman |
| 25:44 | Create | Longbowman |
| 25:57 | Build | House |
Build order — Rabee-3
First 150 of 267 actions detected
| 0:01 | Create | Villager (Male) ×4 |
| 0:02 | Build | House |
| 0:03 | Build | House |
| 0:04 | Build | House |
| 1:43 | Create | Villager (Male) |
| 1:43 | Create | Villager (Male) |
| 2:10 | Create | Villager (Male) |
| 2:38 | Create | Villager (Male) |
| 2:38 | Create | Villager (Male) |
| 2:42 | Create | Villager (Male) |
| 3:32 | Create | Villager (Male) |
| 3:32 | Create | Villager (Male) |
| 3:45 | Build | Lumber Camp |
| 4:03 | Build | House |
| 4:04 | Build | House |
| 4:19 | Create | Villager (Male) |
| 4:19 | Create | Villager (Male) |
| 5:27 | Create | Villager (Male) |
| 5:27 | Create | Villager (Male) |
| 5:52 | Create | Villager (Male) |
| 5:52 | Create | Villager (Male) |
| 5:52 | Create | Villager (Male) |
| 5:52 | Create | Villager (Male) |
| 6:13 | Create | Villager (Male) |
| 7:11 | Build | Mill |
| 7:15 | Create | Villager (Male) |
| 7:19 | Build | Mining Camp |
| 7:29 | Create | Villager (Male) |
| 7:51 | Build | Farm |
| 7:51 | Build | Farm |
| 7:53 | Build | Farm |
| 7:58 | Build | Farm |
| 8:04 | Build | Farm |
| 8:13 | Create | Villager (Male) |
| 8:32 | Build | Mining Camp |
| 8:56 | Research | Feudal Age |
| 10:43 | Create | Villager (Male) |
| 10:43 | Create | Villager (Male) |
| 10:44 | Research | Loom |
| 11:06 | Age | Feudal Age |
| 11:10 | Build | Market |
| 11:12 | Build | Blacksmith |
| 12:35 | Create | Villager (Male) |
| 13:05 | Research | Castle Age |
| 13:35 | Research | Double-Bit Axe |
| 13:40 | Research | Horse Collar |
| 15:45 | Age | Castle Age |
| 15:46 | Create | Villager (Male) |
| 16:01 | Build | Castle |
| 16:07 | Build | Siege Workshop |
| 16:09 | Create | Villager (Male) |
| 16:11 | Research | Bow Saw |
| 16:54 | Create | Villager (Male) |
| 17:14 | Create | Villager (Male) |
| 17:38 | Build | Farm |
| 17:40 | Build | Farm |
| 17:42 | Build | Farm |
| 17:43 | Build | Farm |
| 17:46 | Create | Conquistador |
| 17:46 | Create | Conquistador |
| 17:47 | Create | Conquistador |
| 18:02 | Create | Battering Ram |
| 18:16 | Build | Farm |
| 18:46 | Create | Battering Ram |
| 18:48 | Create | Conquistador |
| 19:13 | Research | Padded Archer Armor |
| 19:15 | Create | Villager (Male) |
| 19:27 | Create | Battering Ram |
| 19:37 | Build | Farm |
| 19:49 | Create | Conquistador |
| 19:59 | Create | Battering Ram |
| 20:20 | Create | Conquistador |
| 20:21 | Create | Villager (Male) |
| 20:40 | Create | Battering Ram |
| 20:45 | Create | Conquistador |
| 21:12 | Create | Conquistador |
| 21:13 | Create | Villager (Male) |
| 21:29 | Create | Battering Ram |
| 21:39 | Create | Villager (Male) |
| 21:49 | Create | Conquistador |
| 22:24 | Create | Conquistador |
| 22:36 | Build | Barracks |
| 22:43 | Create | Conquistador |
| 22:45 | Create | Villager (Male) |
| 22:51 | Build | Lumber Camp |
| 23:24 | Build | Siege Workshop |
| 23:31 | Create | Mangonel |
| 23:39 | Build | Stone Wall |
| 23:42 | Create | Conquistador |
| 23:48 | Build | House |
| 24:01 | Build | Gate |
| 24:06 | Build | Stone Wall |
| 24:15 | Build | House |
| 24:25 | Build | Gate |
| 24:30 | Build | Gate |
| 25:07 | Create | Conquistador |
| 25:07 | Create | Villager (Male) |
| 25:16 | Build | Stable |
| 25:22 | Build | Farm |
| 25:23 | Build | Farm |
| 25:26 | Build | Farm |
| 25:26 | Build | Farm |
| 25:27 | Build | Farm |
| 25:32 | Create | Conquistador |
| 25:41 | Build | Gate |
| 25:44 | Research | Bloodlines |
| 26:04 | Create | Conquistador |
| 26:11 | Build | Stone Wall |
| 26:13 | Build | Stone Wall |
| 26:44 | Build | Farm |
| 26:44 | Build | Farm |
| 26:45 | Build | Mill |
| 27:44 | Create | Conquistador |
| 27:44 | Create | Conquistador |
| 27:45 | Create | Villager (Male) |
| 27:58 | Build | Farm |
| 27:59 | Build | Farm |
| 28:00 | Build | Farm |
| 28:03 | Create | Conquistador |
| 28:05 | Create | Villager (Male) |
| 28:38 | Research | Husbandry |
| 28:39 | Create | Conquistador |
| 28:52 | Create | Villager (Male) |
| 28:57 | Build | Farm |
| 28:57 | Build | Farm |
| 28:59 | Build | Farm |
| 29:00 | Build | Farm |
| 29:09 | Build | Town Center |
| 29:20 | Create | Villager (Male) |
| 29:28 | Create | Conquistador |
| 29:47 | Research | Heavy Plow |
| 29:48 | Create | Villager (Male) |
| 30:00 | Build | Farm |
| 30:12 | Create | Conquistador |
| 30:34 | Create | Villager (Male) |
| 30:35 | Create | Villager (Male) |
| 30:59 | Create | Villager (Male) |
| 30:59 | Create | Villager (Male) |
| 30:59 | Create | Conquistador |
| 31:28 | Create | Villager (Male) |
| 31:28 | Create | Villager (Male) |
| 31:28 | Create | Conquistador |
| 31:40 | Create | Villager (Male) |
| 31:40 | Create | Villager (Male) |
| 31:43 | Build | House |
| 31:44 | Build | House |
| 31:56 | Build | House |
| 32:19 | Create | Villager (Male) |
| 32:19 | Create | Villager (Male) |
| 32:20 | Create | Conquistador |
Build order — Calm Calamari
First 150 of 495 actions detected
| 0:01 | Create | Villager (Male) |
| 0:01 | Create | Villager (Male) |
| 0:01 | Create | Villager (Male) |
| 0:02 | Create | Villager (Male) |
| 0:03 | Build | House |
| 0:06 | Build | House |
| 1:30 | Create | Villager (Male) |
| 1:48 | Build | Lumber Camp |
| 1:53 | Create | Villager (Male) |
| 2:09 | Create | Villager (Male) |
| 2:38 | Create | Villager (Male) |
| 3:00 | Build | House |
| 3:01 | Build | House |
| 3:09 | Create | Villager (Male) |
| 3:09 | Create | Villager (Male) |
| 3:57 | Create | Villager (Male) |
| 4:25 | Create | Villager (Male) |
| 4:58 | Build | Mill |
| 5:00 | Create | Villager (Male) |
| 5:29 | Create | Villager (Male) |
| 5:30 | Create | Villager (Male) |
| 5:30 | Create | Villager (Male) |
| 5:35 | Create | Villager (Male) |
| 6:34 | Create | Villager (Male) |
| 6:35 | Create | Villager (Male) |
| 6:36 | Create | Villager (Male) |
| 7:09 | Create | Villager (Male) |
| 7:49 | Research | Loom |
| 8:03 | Build | Mining Camp |
| 8:17 | Build | Farm |
| 8:22 | Build | Farm |
| 9:07 | Research | Feudal Age |
| 9:10 | Create | Villager (Male) |
| 9:10 | Create | Villager (Male) |
| 9:15 | Build | House |
| 9:19 | Build | House |
| 10:36 | Build | Farm |
| 10:51 | Build | Farm |
| 10:55 | Build | Farm |
| 11:24 | Age | Feudal Age |
| 11:29 | Build | Market |
| 11:31 | Build | Blacksmith |
| 12:08 | Build | Mining Camp |
| 12:20 | Research | Castle Age |
| 12:20 | Research | Castle Age |
| 13:23 | Build | Palisade Wall |
| 13:24 | Build | Palisade Wall |
| 13:28 | Build | House |
| 13:44 | Create | Villager (Male) |
| 13:45 | Research | Double-Bit Axe |
| 13:45 | Research | Horse Collar |
| 14:02 | Build | Farm |
| 14:37 | Build | Farm |
| 14:41 | Build | Farm |
| 14:59 | Age | Castle Age |
| 15:05 | Research | Bow Saw |
| 15:06 | Create | Villager (Male) |
| 15:46 | Build | Castle |
| 15:51 | Create | Villager (Male) |
| 15:54 | Create | Villager (Male) |
| 15:59 | Build | Farm |
| 16:00 | Build | Farm |
| 16:04 | Build | Farm |
| 16:09 | Create | Villager (Male) |
| 16:23 | Build | House |
| 16:24 | Build | House |
| 16:36 | Create | Villager (Male) |
| 16:54 | Build | Farm |
| 17:03 | Create | Janissary |
| 17:08 | Create | Janissary |
| 17:08 | Create | Villager (Male) |
| 17:23 | Create | Janissary |
| 17:38 | Create | Janissary |
| 17:39 | Create | Villager (Male) |
| 17:54 | Build | House |
| 17:58 | Create | Petard |
| 18:08 | Build | Farm |
| 18:11 | Create | Villager (Male) |
| 18:26 | Create | Villager (Male) |
| 18:30 | Create | Janissary |
| 18:53 | Create | Villager (Male) |
| 19:00 | Create | Villager (Male) |
| 19:12 | Build | Town Center |
| 19:17 | Build | Farm |
| 19:18 | Create | Villager (Male) |
| 19:30 | Create | Villager (Male) |
| 19:38 | Create | Villager (Male) |
| 19:45 | Build | Farm |
| 19:45 | Create | Villager (Male) |
| 19:48 | Build | Farm |
| 20:01 | Create | Villager (Male) |
| 20:06 | Build | Farm |
| 20:14 | Build | Farm |
| 20:15 | Create | Villager (Male) |
| 20:17 | Build | Farm |
| 20:19 | Build | Farm |
| 20:23 | Build | Farm |
| 20:28 | Create | Janissary |
| 20:28 | Create | Janissary |
| 20:32 | Create | Janissary |
| 20:41 | Build | House |
| 20:42 | Build | House |
| 20:51 | Build | Farm |
| 20:55 | Create | Janissary |
| 21:04 | Build | Farm |
| 21:04 | Create | Villager (Male) |
| 21:14 | Create | Villager (Male) |
| 21:35 | Create | Villager (Male) |
| 21:40 | Create | Petard |
| 21:54 | Create | Villager (Male) |
| 21:56 | Create | Janissary |
| 22:01 | Create | Villager (Male) |
| 22:09 | Build | Mining Camp |
| 22:10 | Create | Villager (Male) |
| 22:34 | Create | Villager (Male) |
| 22:34 | Create | Janissary |
| 22:35 | Create | Janissary |
| 22:35 | Create | Villager (Male) |
| 22:38 | Build | Farm |
| 22:39 | Create | Villager (Male) |
| 22:41 | Build | Farm |
| 22:41 | Create | Villager (Male) |
| 22:43 | Build | Farm |
| 22:48 | Create | Janissary |
| 22:49 | Create | Janissary |
| 22:49 | Create | Villager (Male) |
| 23:03 | Create | Janissary |
| 23:12 | Build | Farm |
| 23:13 | Build | Farm |
| 23:14 | Create | Villager (Male) |
| 23:17 | Build | Farm |
| 23:18 | Create | Villager (Male) |
| 23:42 | Create | Villager (Male) |
| 24:01 | Create | Villager (Male) |
| 24:02 | Create | Janissary |
| 24:02 | Create | Villager (Male) |
| 24:03 | Create | Villager (Male) |
| 24:09 | Create | Villager (Male) |
| 24:15 | Build | Lumber Camp |
| 24:15 | Create | Villager (Male) |
| 24:25 | Create | Villager (Male) |
| 24:36 | Build | House |
| 24:37 | Build | House |
| 24:38 | Build | House |
| 24:47 | Create | Villager (Male) |
| 24:59 | Build | Farm |
| 24:59 | Create | Villager (Male) |
| 25:02 | Build | Farm |
| 25:05 | Build | Farm |
| 25:09 | Build | Farm |
Build order — JoC-HANZO
First 150 of 369 actions detected
| 0:01 | Create | Villager (Male) ×4 |
| 0:02 | Build | House |
| 0:03 | Build | House |
| 1:26 | Create | Villager (Male) |
| 1:26 | Create | Villager (Male) |
| 1:45 | Build | Lumber Camp |
| 2:04 | Create | Villager (Male) |
| 2:04 | Create | Villager (Male) |
| 2:22 | Create | Villager (Male) |
| 2:55 | Create | Villager (Male) |
| 2:55 | Create | Villager (Male) |
| 3:08 | Create | Villager (Male) |
| 3:09 | Create | Villager (Male) |
| 3:35 | Build | House |
| 3:36 | Build | House |
| 3:44 | Create | Villager (Male) |
| 3:44 | Create | Villager (Male) |
| 4:17 | Create | Villager (Male) |
| 4:18 | Create | Villager (Male) |
| 4:18 | Create | Villager (Male) |
| 4:36 | Build | House |
| 4:47 | Build | Mill |
| 5:16 | Create | Villager (Male) |
| 5:17 | Create | Villager (Male) |
| 5:51 | Create | Villager (Male) |
| 5:51 | Create | Villager (Male) |
| 6:53 | Create | Villager (Male) |
| 6:53 | Create | Villager (Male) |
| 7:04 | Create | Villager (Male) |
| 7:28 | Build | Mining Camp |
| 8:11 | Create | Villager (Male) |
| 8:14 | Create | Villager (Male) |
| 8:24 | Build | Farm |
| 8:26 | Build | Farm |
| 8:30 | Build | Farm |
| 8:31 | Build | Farm |
| 8:35 | Create | Villager (Male) |
| 9:21 | Research | Feudal Age |
| 10:50 | Build | Farm |
| 10:52 | Create | Villager (Male) |
| 10:52 | Create | Villager (Male) |
| 11:36 | Age | Feudal Age |
| 11:42 | Build | Market |
| 11:44 | Build | Blacksmith |
| 12:31 | Research | Castle Age |
| 12:46 | Research | Double-Bit Axe |
| 13:07 | Build | Barracks |
| 14:20 | Build | Stable |
| 14:24 | Research | Horse Collar |
| 14:32 | Build | Farm |
| 14:55 | Create | Villager (Male) |
| 15:11 | Age | Castle Age |
| 15:15 | Build | Castle |
| 15:17 | Build | Stable |
| 15:19 | Create | Villager (Male) |
| 15:51 | Create | Villager (Male) |
| 16:18 | Create | Villager (Male) |
| 16:28 | Create | Villager (Male) |
| 16:58 | Build | Town Center |
| 17:06 | Create | Villager (Male) |
| 17:16 | Build | Farm |
| 17:35 | Create | Villager (Male) |
| 17:43 | Research | Szlachta Privileges |
| 17:54 | Build | Farm |
| 17:56 | Build | Farm |
| 18:04 | Create | Villager (Male) |
| 18:05 | Build | Farm |
| 18:33 | Build | Gate |
| 18:40 | Build | Stone Wall |
| 18:43 | Create | Villager (Male) |
| 18:44 | Create | Villager (Male) |
| 19:09 | Create | Villager (Male) |
| 19:10 | Create | Villager (Male) |
| 19:19 | Build | Mill |
| 19:20 | Build | Farm |
| 19:20 | Build | Farm |
| 19:21 | Build | Farm |
| 19:22 | Build | Farm |
| 19:23 | Build | Farm |
| 19:25 | Create | Villager (Male) |
| 19:57 | Research | Fletching |
| 20:05 | Build | Farm |
| 20:06 | Build | Farm |
| 20:07 | Build | Farm |
| 20:19 | Create | Villager (Male) |
| 20:21 | Research | Loom |
| 20:23 | Create | Villager (Male) |
| 20:42 | Research | Bloodlines |
| 20:49 | Create | Villager (Male) |
| 20:50 | Create | Villager (Male) |
| 20:50 | Create | Villager (Male) |
| 20:55 | Create | Villager (Male) |
| 21:04 | Build | Mill |
| 21:05 | Build | Farm |
| 21:05 | Build | Farm |
| 21:05 | Build | Farm |
| 21:06 | Build | Farm |
| 21:15 | Create | Villager (Male) |
| 21:25 | Create | Villager (Male) |
| 21:32 | Create | Knight ×2 |
| 21:40 | Create | Knight ×2 |
| 21:53 | Build | Gate |
| 22:00 | Build | House |
| 22:04 | Create | Villager (Male) |
| 22:07 | Create | Knight |
| 22:11 | Create | Knight |
| 22:18 | Build | Farm |
| 22:18 | Build | Farm |
| 22:18 | Build | Farm |
| 22:19 | Build | Farm |
| 22:20 | Build | Farm |
| 22:28 | Create | Villager (Male) |
| 22:29 | Create | Villager (Male) |
| 22:29 | Create | Villager (Male) |
| 22:35 | Build | Farm |
| 22:55 | Create | Villager (Male) |
| 22:55 | Create | Villager (Male) |
| 23:04 | Build | Lumber Camp |
| 23:06 | Create | Villager (Male) |
| 23:10 | Create | Knight ×3 |
| 23:10 | Create | Knight ×3 |
| 23:24 | Research | Scale Barding Armor |
| 23:34 | Create | Villager (Male) |
| 23:52 | Create | Knight ×2 |
| 23:54 | Create | Villager (Male) |
| 23:54 | Create | Villager (Male) |
| 24:02 | Create | Knight |
| 24:04 | Create | Villager (Male) |
| 24:04 | Create | Villager (Male) |
| 24:13 | Create | Knight ×3 |
| 24:19 | Build | Stable |
| 24:23 | Create | Villager (Male) |
| 24:23 | Create | Villager (Male) |
| 24:26 | Create | Knight |
| 24:35 | Research | Forging |
| 24:46 | Create | Villager (Male) |
| 25:01 | Create | Villager (Male) |
| 25:02 | Create | Villager (Male) |
| 25:09 | Create | Villager (Male) |
| 25:18 | Build | Mill |
| 25:18 | Build | Farm |
| 25:18 | Build | Farm |
| 25:20 | Create | Villager (Male) |
| 25:28 | Build | Farm |
| 25:28 | Build | Farm |
| 25:38 | Create | Villager (Male) |
| 25:43 | Create | Knight ×4 |
| 25:43 | Create | Knight ×4 |
| 25:45 | Build | House |
| 25:46 | Build | House |
Match timeline
| 8:36 | Mjoelnir · age_up feudal |
| 10:06 | JoC-Rui · age_up feudal |
| 10:57 | hightower_208 · age_up feudal |
| 11:06 | Rabee-3 · age_up feudal |
| 11:24 | Calm Calamari · age_up feudal |
| 11:36 | JoC-HANZO · age_up feudal |
| 12:59 | Rabee-3 · first_market_sell 100 stone |
| 13:00 | Rabee-3 · first_market_buy 100 food |
| 13:07 | JoC-HANZO · first_building Barracks |
| 13:23 | Calm Calamari · wall_segment Palisade Wall x1 |
| 13:24 | Calm Calamari · wall_segment Palisade Wall x1 |
| 13:44 | JoC-Rui · age_up castle |
| 14:02 | JoC-Rui · first_market_buy 100 wood |
| 14:20 | JoC-HANZO · first_building Stable |
| 14:39 | hightower_208 · age_up castle |
| 14:42 | hightower_208 · first_building Siege Workshop |
| 14:50 | hightower_208 · first_building Castle |
| 14:59 | Calm Calamari · age_up castle |
| 15:11 | JoC-HANZO · age_up castle |
| 15:15 | JoC-HANZO · first_building Castle |
| 15:45 | Rabee-3 · age_up castle |
| 15:45 | Mjoelnir · first_building Barracks |
| 15:46 | Calm Calamari · first_building Castle |
| 16:01 | Rabee-3 · first_building Castle |
| 16:07 | Rabee-3 · first_building Siege Workshop |
| 16:35 | JoC-Rui · first_market_sell 100 wood |
| 17:21 | Mjoelnir · first_building Stable |
| 17:30 | JoC-HANZO · first_market_sell 100 food |
| 18:40 | JoC-HANZO · wall_segment Stone Wall x6 |
| 18:59 | Mjoelnir · first_building Siege Workshop |
| 20:06 | Mjoelnir · age_up castle |
| 20:26 | hightower_208 · first_market_buy 100 food |
| 21:17 | JoC-Rui · wall_segment Stone Wall x1 |
| 21:18 | JoC-Rui · wall_segment Stone Wall x1 |
| 21:20 | JoC-Rui · wall_segment Stone Wall x1 |
| 21:20 | JoC-Rui · wall_segment Stone Wall x1 |
| 22:34 | JoC-Rui · first_building Barracks |
| 22:36 | Rabee-3 · first_building Barracks |
| 23:12 | hightower_208 · first_building Monastery |
| 23:19 | JoC-Rui · first_building Archery Range |
| 23:22 | JoC-Rui · first_building Stable |
| 23:39 | Rabee-3 · wall_segment Stone Wall x8 |
| 24:06 | Rabee-3 · wall_segment Stone Wall x4 |
| 24:09 | JoC-HANZO · first_market_buy 100 food |
| 25:11 | JoC-Rui · first_building Siege Workshop |
| 25:16 | Rabee-3 · first_building Stable |
| 25:46 | JoC-Rui · wall_segment Stone Wall x1 |
| 25:49 | JoC-Rui · wall_segment Stone Wall x11 |
| 26:11 | Rabee-3 · wall_segment Stone Wall x1 |
| 26:13 | Rabee-3 · wall_segment Stone Wall x1 |
| 26:42 | Calm Calamari · first_market_buy 100 food |
| 26:55 | JoC-Rui · wall_segment Stone Wall x1 |
| 26:56 | JoC-Rui · wall_segment Stone Wall x1 |
| 27:35 | JoC-Rui · wall_segment Stone Wall x1 |
| 27:37 | JoC-Rui · wall_segment Stone Wall x1 |
| 27:58 | JoC-Rui · wall_segment Stone Wall x6 |
| 28:24 | JoC-Rui · wall_segment Stone Wall x1 |
| 28:26 | Calm Calamari · first_building Siege Workshop |
| 28:52 | JoC-Rui · first_building Castle |
| 29:18 | JoC-Rui · wall_segment Stone Wall x1 |
| 29:28 | hightower_208 · first_market_sell 100 wood |
| 29:39 | Mjoelnir · first_market_buy 100 food |
| 31:11 | JoC-HANZO · first_building Siege Workshop |
| 31:45 | Calm Calamari · age_up imperial |
| 32:43 | hightower_208 · age_up imperial |
| 33:35 | Calm Calamari · first_market_sell 500 food |
| 33:41 | JoC-HANZO · wall_segment Stone Wall x11 |
| 33:50 | Calm Calamari · first_building Barracks |
| 34:01 | Mjoelnir · first_building Castle |
| 34:05 | Mjoelnir · first_building Monastery |
| 34:26 | JoC-Rui · age_up imperial |
| 35:02 | Calm Calamari · first_building Archery Range |
| 36:59 | Mjoelnir · age_up imperial |
| 37:22 | Mjoelnir · first_market_sell 500 food |
| 38:13 | hightower_208 · wall_segment Stone Wall x1 |
| 39:20 | Calm Calamari · first_building Stable |
| 39:37 | JoC-HANZO · age_up imperial |
| 40:12 | JoC-Rui · tribute_sent a jugador 2 |
| 40:12 | JoC-Rui · tribute_sent a jugador 3 |
| 40:12 | JoC-Rui · tribute_sent a jugador 4 |
| 40:12 | JoC-Rui · tribute_sent a jugador 5 |
| 40:12 | JoC-Rui · tribute_sent a jugador 6 |
| 40:55 | JoC-Rui · wall_segment Stone Wall x1 |
| 40:57 | JoC-Rui · wall_segment Stone Wall x1 |
| 41:11 | JoC-Rui · wall_segment Stone Wall x1 |
| 41:54 | JoC-Rui · wall_segment Stone Wall x1 |
| 41:57 | Rabee-3 · age_up imperial |
| 42:11 | JoC-Rui · wall_segment Stone Wall x1 |
| 42:37 | JoC-Rui · wall_segment Stone Wall x1 |
| 43:29 | Mjoelnir · tribute_sent a jugador 1 |
| 43:29 | Mjoelnir · tribute_sent a jugador 2 |
| 43:29 | Mjoelnir · tribute_sent a jugador 3 |
| 43:29 | Mjoelnir · tribute_sent a jugador 4 |
| 43:29 | Mjoelnir · tribute_sent a jugador 5 |
| 46:20 | Mjoelnir · resign |
[ AI ANALYSIS · 1 CREDIT ]
What really happened in this match?
Wolo.gg analyzes every decision: build order, eco, micro, common mistakes by bracket. Personalized analysis on WhatsApp or Discord in 30 seconds.
Civ guide
Cumans
Perfil
Jugador #864300